 Dungeon Sprint DCSS version 0.29-a0-187-ga23d9638d5 (webtiles) character file.

Game seed: 94527992583261410

0 cyrus the Skirmisher (level 1, -5/18 HPs)
             Began as a Merfolk Fighter on Feb 21, 2022.
             Slain by an ice beast (9 damage)
             ... in the Dungeon (Sprint VII: "The Pits").
             The game lasted 00:00:20 (28 turns).

cyrus the Skirmisher (Merfolk Fighter)                Turns: 28, Time: 00:00:21

Health: -5/18      AC:  6    Str: 16    XL:     1   Next: 10%
Magic:  1/1        EV:  8    Int:  7    God:
Gold:   0          SH:  4    Dex: 13    Spells: 0/0 levels left

rFire   . . .      SeeInvis .   a - +0 trident
rCold   . . .      Faith    .   c - +0 buckler
rNeg    . . .      Spirit   .   b - +0 scale mail
rPois   .          Reflect  .   (no helmet)
rElec   .          Harm     .   (no cloak)
rCorr   .          Rampage  .   (no gloves)
Will    .....      NoTele   +   (no boots)
Stlth   ..........              (no amulet)
HPRegen 0.06/turn               (no ring)
MPRegen 0.07/turn               (no ring)

@: mighty, flayed
A: (nimble swimmer 2), mertail
a: no special abilities


You were in the Dungeon.
You visited 1 branch

Inventory:

Hand Weapons
 a - a +0 trident (weapon)
Armour
 b - a +0 scale mail (worn)
 c - a +0 buckler (worn)
Scrolls
 j - a scroll of blinking
Potions
 e - a potion of curing
 f - a potion of heal wounds
 g - a potion of haste
 h - 2 potions of magic
 i - a potion of berserk rage


   Skills:
 + Level 3.4 Fighting
 + Level 2.7 Polearms
 + Level 2.2 Armour
 + Level 3.1 Shields


You couldn't memorise any spells.
You didn't know any spells.
Your spell library was empty.

Dungeon Overview and Level Annotations

Branches:
Dungeon (1/1)

Altars:


Innate Abilities, Weirdness & Mutations

((You are very nimble when in or above water. (Stealth+, EV+, Speed+++)))
Your lower body shifts to a powerful aquatic tail in water.


Message History

You open the door.
There is an open door to the Entrance Hall (Safe) here.
You open the huge gate.
There is a huge open gate to the Metal Vault (Medium) here.
There is a huge open gate to the Metal Vault (Medium) here.
As you open the large door, it creaks loudly!
A kobold, a flayed ghost and an ice beast come into view.
The kobold shouts!
You feel very mighty all of a sudden. You block the kobold's attack.
The flayed ghost hits you but does no damage.
There is a large open door here.
You hit the kobold.
You kill the kobold!
The flayed ghost cries, "Feel what I felt!"
Terrible wounds open up all over your body!
You closely miss the ice beast.
The flayed ghost hits you but does no damage.
You block the ice beast's attack.
You hit the ice beast.
The ice beast is lightly wounded.
The flayed ghost hits you but does no damage.
You block the ice beast's attack.
You barely miss the ice beast.
The ice beast is lightly wounded.
The flayed ghost hits you!
Ouch! That really hurt!
The ice beast hits you but does no damage.
You completely miss the ice beast.
The ice beast is lightly wounded.
The flayed ghost cries, "Suffer as I suffered!"
The ice beast hits you but does no damage.
Unknown command.
You impale the ice beast!!
The ice beast is severely wounded.
You block the flayed ghost's attack. The ice beast hits you.
* * * LOW HITPOINT WARNING * * *
The ice beast freezes you!
Ouch! That really hurt!
You die...

+................+
#......#..#......#
#................#
####'#####''######
#.......##''#####
#.......##......#
#.......##......#
#...<...###....##
#.......# ##@'##
#.......# #WY..#
#.......##......#
##########......+
#......# ##....##
##++##


You could see a flayed ghost and an ice beast.

Vanquished Creatures
  A kobold (D)
1 creature vanquished.

Notes
Turn   | Place    | Note
-------+----------+-------------------------------------------
     0 | D        | cyrus the Merfolk Fighter began the quest for the Orb.
     0 | D        | Reached XP level 1. HP: 18/18 MP: 1/1
    20 | D        | Noticed a flayed ghost
    20 | D        | Noticed an ice beast
    28 | D        | Slain by an ice beast

Illustrated notes

Levels and vault maps discovered:
D:        pitsprint [storerooms_1, entrance_room_1, metal_vault_2, armoury_2,
          mini_pit_1, grid_room_1, main_hall_1, silver_pit, the_coven_3,
          the_vestibule_1, steel_vault_2, golden_pit, hallway_of_sentries,
          crystal_vault_6, iron_vault_5, final_vault]

Action                   || total
-------------------------++-------
Melee: Trident           ||     6
  Use: Potion            ||     1
Armor: Scale mail        ||     5
Block: Buckler           ||     4

Table legend: (Time is in decaauts)
 A = Elapsed time spent in this place.
 B = Non-inter-level travel time spent in this place.
 C = Inter-level travel time spent in this place.
 D = Time resting spent in this place.
 E = Time spent auto-exploring this place.
 F = Levels seen in this place.
 G = Mean time per level.
                   A        B        C        D        E       F      G
               +--------+--------+--------+--------+--------+-----+--------+
         Total |     28 |     28 |      0 |      0 |     11 |   1 |   28.0 |
       Dungeon |     28 |     28 |      0 |      0 |     11 |   1 |   28.0 |
               +--------+--------+--------+--------+--------+-----+--------+

Top non-repeatable levels by time:
       D: 28 daAuts
